 Dungeon Crawl Stone Soup version 0.28.0 (webtiles) character file.

Game seed: 10867881933880479922

130 browni3141 the Skirmisher (level 4, -10/61 HPs)
             Began as a Minotaur Berserker on Feb 16, 2022.
             Was a Believer of Trog.
             Mangled by a gnoll (13 damage)
             ... on level 2 of the Dungeon.
             The game lasted 00:00:38 (1692 turns).

browni3141 the Skirmisher (Minotaur Berserker)      Turns: 1692, Time: 00:00:39

Health: -10/61     AC:  2    Str: 23    XL:     4   Next: 89%
Magic:  3/3        EV: 12    Int:  4    God:    Trog [**....]
Gold:   33         SH:  0    Dex: 10    Spells: 3/3 levels left

rFire   . . .      SeeInvis .   a - +0 hand axe
rCold   . . .      Faith    .   (no shield)
rNeg    . . .      Spirit   .   b - +0 animal skin
rPois   .          Reflect  .   (helmet restricted)
rElec   .          Harm     .   (no cloak)
rCorr   .          Rampage  .   (no gloves)
Will    .....                   (no boots)
Stlth   ..........              (no amulet)
HPRegen 0.20/turn               (no ring)
MPRegen 0.08/turn               (no ring)

@: berserking, very quick
A: horns 2, retaliatory headbutt
a: Renounce Religion, Berserk, Trog's Hand


You were on level 2 of the Dungeon.
You worshipped Trog.
Trog was pleased with you.
You visited 1 branch of the dungeon, and saw 2 of its levels.

You collected 33 gold pieces.

Inventory:

Hand Weapons
 a - a +0 hand axe (weapon)
Missiles
 h - 2 throwing nets (quivered)
Armour
 b - a +0 animal skin (worn)
Scrolls
 c - a scroll of magic mapping {unknown}
 d - a scroll of fog {unknown}
 f - a scroll of noise {unknown}
Potions
 e - a potion of haste {unknown}
 g - a potion of curing {unknown}


   Skills:
 + Level 4.9 Fighting
 + Level 4.9 Axes
 + Level 4.0 Armour
 - Level 2.1 Dodging


You had 3 spell levels left.
You didn't know any spells.
Your spell library was empty.

Dungeon Overview and Level Annotations

Branches:
Dungeon (2/15)

Altars:
Ashenzari


Innate Abilities, Weirdness & Mutations

You have a pair of horns on your head.
You reflexively headbutt those who attack you in melee.


Message History

A worm comes into view.
Found a stone staircase leading up.
A gnoll comes into view. It is wielding a +0 spear.
Found a leather armour.
Found a stone staircase leading down.
The gnoll shouts!
You hear a shout!
A gnoll comes into view. It is wielding a +0 spear.
There are monsters nearby!
A frilled lizard comes into view.
The gnoll shouts!
A gnoll comes into view. It is wielding a +0 halberd.
There are monsters nearby!
A gnoll comes into view. It is wielding a +0 flail.
The frilled lizard hisses angrily.
The gnoll hits you with a +0 spear. The worm bites you.
There are monsters nearby!
The gnoll shouts!
You hit the gnoll but do no damage. You hit the worm.
The gnoll hits you with a +0 spear.
The gnoll hits you from afar with a +0 spear.
You hit the worm but do no damage.
The worm is moderately wounded.
You hit the gnoll. You hit the frilled lizard.
You kill the frilled lizard!
Trog accepts your kill. The gnoll misses you.
The gnoll hits you from afar with a +0 spear.
The gnoll closely misses you. The worm closely misses you.
You slash the gnoll! You headbutt the gnoll.
You kill the gnoll!
Trog accepts your kill.
You hit the worm.
The gnoll hits you from afar with a +0 halberd!
The gnoll misses you. The worm bites you!
* * * LOW HITPOINT WARNING * * *
Your Armour skill increases to level 4!
Unknown command.
A red film seems to cover your vision as you go berserk!
You feel yourself moving faster!
You feel mighty!
The gnoll hits you from afar with a +0 halberd!
You die...

..# .. ... #..#
#.######### #[.#
#.#.....#.. ########..#
#.#.###....
.......#..####.#.#..<...
...>..g.................
......w##.####.#........
.....gg@..# #.#.....#+#
..........####.#.....#.#
.....................+..
#.........#.#####....#.#
#...........<..........#
#.........##############
##+######.. .....+
####.########## #....#
.....#≈≈≈≈≈≈≈≈#####
#....#


You could see a worm and 3 gnolls.

Vanquished Creatures
  Terence (D:2)
  5 gnolls (D:2)
  A worm (D:2)
  A dart slug (D:2)
  An orc (D:2)
  6 ball pythons
  8 endoplasms
  3 goblins
  5 hobgoblins
  4 jackals
  2 kobolds (D:1)
  2 quokkas
  5 bats
  2 frilled lizards (D:2)
  A rat (D:1)
47 creatures vanquished.

Notes
Turn   | Place    | Note
-------+----------+-------------------------------------------
     0 | D:1      | browni3141 the Minotaur Berserker began the quest for the
                  | Orb.
     0 | D:1      | Reached XP level 1. HP: 19/19 MP: 0/0
   280 | D:1      | Reached XP level 2. HP: 27/27 MP: 1/1
   546 | D:1      | Reached ** piety under Trog
   907 | D:2      | Noticed Terence
   909 | D:2      | Reached XP level 3. HP: 32/33 MP: 2/2
   914 | D:2      | Killed Terence
   992 | D:2      | Reached XP level 4. HP: 28/41 MP: 3/3
  1366 | D:2      | Found a broken altar of Ashenzari.
  1691 | D:2      | HP: 2/41 [worm (11)]
  1692 | D:2      | Mangled by a gnoll

Illustrated notes

Levels and vault maps discovered:
D:1:      wheals_arrival_linesprint, layout_basic
D:2:      wander_river, layout_basic, basic_altar, uniq_terence

Skill      XL: |  1  2  3  4 |
---------------+-------------+-----
Fighting       | 4 |  4.9
Axes           | 4 |  4.9
Armour         | 3 4 |  4.0
Dodging        | |  2.1

Action                   |  1- 3 |  4- 6 || total
-------------------------+-------+-------++-------
Melee: Hand axe          |    42 |    25 ||    67
       Headbutt          |     8 |     5 ||    13
Invok: Berserk           |     1 |     2 ||     3
 Stab: Distracted        |       |     1 ||     1
Armor: Animal skin       |     8 |     5 ||    13
Dodge: Dodged            |    32 |    19 ||    51
